 Dungeon Crawl Stone Soup version 0.29-a0-821-g6639535 (webtiles) character file.

Game seed: 10947238299858673245

3866 Illumine the Cleaver (level 9, 0/81 HPs)
             Began as a Minotaur Fighter on July 7, 2022.
             Was a Believer of Makhleb.
             Slain by an orc warrior
             ... wielding a +0 halberd
              (10 damage)
             ... on level 9 of the Dungeon.
             The game lasted 00:06:53 (9504 turns).

Illumine the Cleaver (Minotaur Fighter)             Turns: 9504, Time: 00:06:54

Health: 0/81       AC: 13    Str: 25    XL:     9   Next: 99%
Magic:  10/10      EV:  5    Int:  5    God:    Makhleb [**....]
Gold:   210        SH:  9    Dex: 10    Spells: 8/8 levels left

rFire   . . .      SeeInvis .   a - +0 war axe
rCold   . . .      Faith    .   D - +0 kite shield
rNeg    . . .      Spirit   .   r - +0 plate armour
rPois   .          Reflect  .   (helmet restricted)
rElec   .          Harm     .   (no cloak)
rCorr   .          Rampage  .   (no gloves)
Will    .....                   (no boots)
Stlth   ..........              (no amulet)
HPRegen 0.23/turn               (no ring)
MPRegen 0.12/turn               (no ring)

@: mighty, about to teleport
A: horns 2, retaliatory headbutt
a: Renounce Religion, Minor Destruction


You were on level 9 of the Dungeon.
You worshipped Makhleb.
Makhleb was pleased with you.
You visited 2 branches of the dungeon, and saw 10 of its levels.

You collected 458 gold pieces.
You spent 248 gold pieces at shops.

Inventory:

Hand Weapons
 a - a +0 war axe (weapon)
Missiles
 o - 8 poisoned darts (quivered)
 s - 2 silver javelins
Armour
 r - a +0 plate armour (worn)
 B - a scarf of invisibility
 D - a +0 kite shield (worn)
Jewellery
 w - a ring of protection from fire
 A - a ring of magical power
 E - a +6 ring of intelligence
Wands
 n - a wand of polymorph (13)
 u - a wand of flame (3)
 x - a wand of digging (7)
 y - a wand of paralysis (21)
Scrolls
 b - a scroll of teleportation
 c - a scroll of vulnerability {unknown}
 g - a scroll of magic mapping
 h - a scroll of summoning {unknown}
 l - a scroll of fear {unknown}
 m - a scroll of immolation {unknown}
 q - 2 scrolls of enchant armour {unknown}
 z - a scroll of silence {unknown}
Potions
 e - 2 potions of attraction {unknown}
 f - 7 potions of curing
 i - 2 potions of degeneration {unknown}
 j - 2 potions of lignification
 k - 2 potions of heal wounds
 p - a potion of cancellation {unknown}
 t - 3 potions of mutation {unknown}
 v - 2 potions of ambrosia {unknown}
 C - 2 potions of haste {unknown}


   Skills:
 + Level 8.1 Fighting
 * Level 10.6 Axes
 + Level 3.7 Throwing
 + Level 8.1 Armour
 * Level 5.5 Shields
 + Level 3.6 Invocations
 + Level 3.2 Evocations


You had 8 spell levels left.
You didn't know any spells.
Your spell library contained the following spells:

 Spells                   Type           Power      Damage    Failure   Level
 Freeze                   Ice            0%         1d3       100%        1
 Magic Dart               Conj           0%         1d3       100%        1
 Shock                    Conj/Air       0%         1d3       100%        1
 Summon Small Mammal      Summ           0%         N/A       100%        1
 Ensorcelled Hibernation  Hex/Ice        0%         N/A       100%        2
 Searing Ray              Conj           0%         2d4       100%        2
 Call Canine Familiar     Summ           0%         N/A       100%        3
 Frozen Ramparts          Ice            0%         1d2       100%        3
 Portal Projectile        Hex/Tloc       0%         N/A       100%        3
 Spider Form              Tmut/Pois      0%         N/A       100%        3
 Summon Guardian Golem    Hex/Summ       0%         N/A       100%        3
 Swiftness                Air            0%         N/A       100%        3
 Airstrike                Air            0%         0-1+      100%        4
 Anguish                  Hex/Necr       0%         N/A       100%        4
 Cause Fear               Hex            0%         N/A       100%        4
 Fulminant Prism          Conj/Hex       0%         3d6       100%        4
 Hailstorm                Conj/Ice       0%         3d3       100%        4
 Ice Form                 Ice/Tmut       0%         N/A       100%        4
 Leda's Liquefaction      Hex/Erth       0%         N/A       100%        4
 Summon Ice Beast         Ice/Summ       0%         N/A       100%        4
 Dragon Form              Tmut           0%         N/A       100%        7
 Dragon's Call            Summ           0%         N/A       100%        9


Dungeon Overview and Level Annotations

Branches:
Dungeon (9/15)             Temple (1/1) D:5
   Lair: D:8-11         Orc: D:9-12

Altars:
Fedhas
Makhleb
Qazlal
Trog
Vehumet
Wu Jian

Shops:
D:7 !   D:8 [   D:9 [


Innate Abilities, Weirdness & Mutations

You have a pair of horns on your head.
You reflexively headbutt those who attack you in melee.


Message History

The orc warrior hits you but does no damage.
The steam dragon bites you but does no damage.
The steam dragon claws you but does no damage.
Things that are here:
a +0 scimitar; a +0 robe You barely miss the steam dragon.
The steam dragon is moderately wounded.
You slash the orc warrior!
You are engulfed in a cloud of scalding steam.
* * * LOW HITPOINT WARNING * * *
The orc warrior hits you but does no damage.
The steam dragon bites you.
* * * LOW HITPOINT WARNING * * *
The steam dragon claws you.
* * * LOW HITPOINT WARNING * * *
You feel much better.
The orc warrior is engulfed in a cloud of scalding steam.
The orc warrior hits you but does no damage.
The steam dragon breathes steam at you. The ball of steam hits you!
* * * LOW HITPOINT WARNING * * *
Unknown command.
Okay, then.
Okay, then.
Aiming: Polymorph
Press: ? - help, Shift-Dir - straight line, f - red ugly thing
Aim: a red ugly thing (will change colour)
Okay, then.
Unknown command.
The orc warrior attacks as you move away!
The orc warrior hits you with a +0 halberd!
* * * LOW HITPOINT WARNING * * *
You block the orc warrior's attack.
The steam dragon bites you but does no damage.
The steam dragon closely misses you.
Unknown command.
As you read the scroll of teleportation, it crumbles to dust.
You feel strangely unstable.
The orc warrior hits you from afar with a +0 halberd!
You die...

#########
#.......##
#...###..##
#§@.#
##..##
#§D##
#...## #ou#
###..# #..#
#..# #..l
##.## #.?..
#...#
#..##.
#...# #..#
.. ##..#
#..#
.###...#


You could see a red ugly thing, a steam dragon, an orc warrior and a wyvern.

Vanquished Creatures
  A two-headed ogre (D:8)
  Psyche (D:8)
  Grinder (D:5)
  A hornet (D:9)
  A wraith (D:9)
  A water moccasin (D:6)
  An orc warrior (D:8)
  A sky beast (D:7)
  A black bear (D:7)
  An ice beast (D:6)
  A centaur (D:9)
  An ogre (D:5)
  A phantom (D:4)
  6 bullfrogs
  A gnoll sergeant (D:8)
  5 scorpions
  A wight (D:9)
  A killer bee (D:9)
  A howler monkey (D:9)
  2 hounds
  3 orc priests (D:7)
  4 jellies
  6 iguanas
  4 orc wizards
  Robin (D:2)
  12 gnolls
  6 adders
  A shadow imp (D:6)
  2 white imps
  A worm zombie (D:7)
  3 worms
  2 dart slugs
  21 orcs
  8 ball pythons
  13 endoplasms
  4 giant cockroaches
  12 goblins
  9 hobgoblins
  3 jackals (D:4)
  6 kobolds
  4 quokkas
  11 bats
  4 frilled lizards
  A hobgoblin zombie (D:7)
  5 rats
176 creatures vanquished.

Vanquished Creatures (others)
  2 plants (D:9)
2 creatures vanquished.

Grand Total: 178 creatures vanquished

Notes
Turn   | Place    | Note
-------+----------+-------------------------------------------
     0 | D:1      | Illumine the Minotaur Fighter began the quest for the Orb.
     0 | D:1      | Reached XP level 1. HP: 19/19 MP: 0/0
   187 | D:1      | Reached XP level 2. HP: 27/27 MP: 1/1
   219 | D:1      | Found a faded altar of an unknown god.
   240 | D:1      | Reached skill level 3 in Axes
   558 | D:1      | Reached XP level 3. HP: 33/33 MP: 2/2
  1618 | D:2      | Reached XP level 4. HP: 40/40 MP: 3/3
  1630 | D:2      | Reached skill level 4 in Axes
  1699 | D:2      | Noticed Robin
  1719 | D:2      | Killed Robin
  2387 | D:3      | Found a radiant altar of Vehumet.
  2706 | D:3      | Reached XP level 5. HP: 47/47 MP: 4/4
  2811 | D:3      | Reached skill level 5 in Axes
  3335 | D:4      | Found a stormy altar of Qazlal.
  3335 | D:4      | Found a burning altar of Makhleb.
  3399 | D:4      | Noticed a phantom
  3406 | D:4      | Killed a phantom
  3407 | D:4      | Reached skill level 5 in Fighting
  3407 | D:4      | Reached skill level 5 in Armour
  3459 | D:4      | Became a worshipper of Makhleb the Destroyer
  3602 | D:4      | Reached XP level 6. HP: 56/56 MP: 5/5
  3863 | D:4      | You fall into a shaft and drop 3 floors!
  3863 | D:7      | Found Hiofom's Distillery.
  3870 | D:6      | Noticed an ice beast
  3882 | D:6      | Killed an ice beast
  3883 | D:6      | Reached skill level 6 in Axes
  3888 | D:5      | Entered Level 5 of the Dungeon
  4311 | D:5      | Noticed Grinder
  4319 | D:5      | Paralysed by Grinder for 5 turns
  4331 | D:5      | Killed Grinder
  4332 | D:5      | Reached XP level 7. HP: 53/62 MP: 6/6
  4386 | D:5      | Reached skill level 7 in Axes
  4586 | D:5      | Reached * piety under Makhleb
  4697 | D:5      | Found a staircase to the Ecumenical Temple.
  4959 | D:5      | Reached skill level 8 in Axes
  5190 | D:5      | Reached XP level 8. HP: 48/71 MP: 7/7
  5436 | Temple   | Entered the Ecumenical Temple
  5436 | Temple   | Noticed a hellwing
  5436 | Temple   | Noticed a Brimstone Fiend
  5437 | Temple   | Noticed an Executioner
  5438 | Temple   | Noticed an Executioner
  5952 | D:6      | Found a blossoming altar of Fedhas.
  5955 | D:6      | Found an ornate altar of the Wu Jian Council.
  5961 | D:6      | Identified the +1 leather armour of the Candlemaker {rF++
                  | Slay+3 Stlth-}
  5963 | D:6      | Found a bloodstained altar of Trog.
  5998 | D:6      | Reached skill level 1 in Throwing
  6249 | D:6      | Reached skill level 1 in Invocations
  6418 | D:6      | Reached skill level 1 in Evocations
  6878 | D:7      | Identified the +9 spear "Zunuv" {freeze, rC+ rN+ Dex+3}
  7029 | D:7      | Reached skill level 9 in Axes
  7649 | D:7      | Reached XP level 9. HP: 79/79 MP: 9/9
  7875 | D:8      | Noticed Psyche
  7893 | D:8      | Killed Psyche
  8160 | D:8      | Reached ** piety under Makhleb
  8209 | D:8      | Found Usol's Antique Armour Boutique.
  8217 | D:8      | Bought an embroidered scarf for 248 gold pieces
  8383 | D:8      | Noticed a two-headed ogre
  8405 | D:8      | Killed a two-headed ogre
  8406 | D:8      | Reached skill level 10 in Axes
  8732 | D:8      | Reached skill level 5 in Shields
  9092 | D:9      | Found Heups's Antique Armour Shop.
  9500 | D:9      | Noticed a red ugly thing
  9504 | D:9      | Slain by an orc warrior

Illustrated notes

Levels and vault maps discovered:
D:1:      dpeg_arrival_refuge, layout_loops_ring,
          nicolae_ecumenical_lake_church, amcnicky_mini_pool_small
D:2:      layout_basic, minmay_tetromino_l2, uniq_robin
D:3:      layout_loops_corners, vehumet_altar_wand_db, st_stairs_9,
          hangedman_feature_mirror
D:4:      layout_loops_ring, gammafunk_temple_overflow_elements,
          chequers_mini_garden
D:5:      layout_basic, minmay_temple_entry_arrows, kennysheep_generic_room_9,
          uniq_grinder
D:6:      layout_loops_corners, minitemple, roderic_roman_lattice
D:7:      layout_gridville, serial_shops, shop, enter_ossuary_3, st_stairs_9,
          minivault_11, minivault_26
D:8:      layout_rooms, serial_shops, shop_fountains, hex_large, uniq_psyche
D:9:      layout_loops_cross, erik_orc_1, serial_shops,
          nicolae_shop_overgrown_old_shop, gammafunk_ghost_hydra_chop,
          minmay_ruined_shrine
Temple:   nicolae_temple_panitentiary

Skill      XL: |  1  2  3  4  5  6  7  8  9 |
---------------+----------------------------+-----
Axes           | 3 4 5 6 8 9 10 | 10.6
Armour         | 4 5 6 7 8 |  8.1
Fighting       | 4 5 6 7 8 |  8.1
Shields        | 4 5 |  5.5
Throwing       | 2 3 |  3.7
Invocations    | 2 3 |  3.6
Evocations     | 2 3 |  3.2

Action                   |  1- 3 |  4- 6 |  7- 9 || total
-------------------------+-------+-------+-------++-------
Melee: War axe           |    76 |   151 |   308 ||   535
       Headbutt          |    14 |    28 |    53 ||    95
Throw: Dart              |       |       |     1 ||     1
Evoke: Wand              |       |     4 |       ||     4
  Use: Scroll            |       |     4 |     2 ||     6
       Potion            |       |     1 |     6 ||     7
Armor: Scale mail        |    10 |       |       ||    10
       Chain mail        |     7 |       |       ||     7
       Plate armour      |    17 |    89 |   160 ||   266
       Skin              |       |       |    24 ||    24
Dodge: Dodged            |    23 |    31 |    78 ||   132
Block: Buckler           |    18 |    31 |    41 ||    90
       Kite shield       |       |       |    31 ||    31

Table legend: (Time is in decaauts)
 A = Elapsed time spent in this place.
 B = Non-inter-level travel time spent in this place.
 C = Inter-level travel time spent in this place.
 D = Time resting spent in this place.
 E = Time spent auto-exploring this place.
 F = Levels seen in this place.
 G = Mean time per level.
                   A        B        C        D        E       F      G
               +--------+--------+--------+--------+--------+-----+--------+
         Total |   9636 |   9424 |    212 |   1037 |   6977 |  10 |  963.6 |
       Dungeon |   9634 |   9422 |    212 |   1037 |   6977 |   9 | 1070.4 |
        Temple |      1 |      1 |      0 |      0 |      0 |   1 |    1.0 |
               +--------+--------+--------+--------+--------+-----+--------+

Top non-repeatable levels by time:
     D:6: 1414 daAuts
     D:2: 1272 daAuts
     D:5: 1266 daAuts
     D:7: 1241 daAuts
     D:3: 1144 daAuts
     D:8: 934 daAuts
     D:1: 917 daAuts
     D:4: 913 daAuts
     D:9: 530 daAuts
  Temple: 1 daAuts
